Calgary Flames vs Minnesota North Stars
(R1)
Created - Friday, March 24, 2023 at 07:22
Goals
|
| Calgary Flames |
3 |
1 |
3 |
7 |
| Minnesota North Stars |
3 |
1 |
0 |
4 |
|
Shots
|
| Calgary Flames |
12 |
13 |
13 |
38 |
| Minnesota North Stars |
14 |
14 |
10 |
38 |
|
1st period
1. Calgary Flames , Timo Meier 4 (Zach Hyman 8, Joel Eriksson Ek 3) at 5:59 (PP)
2. Minnesota North Stars , Nino Niederreiter 1 (Frank Vatrano 1) at 7:40
3. Calgary Flames , Kevin Fiala 5 (Jeff Petry 2, J.T. Miller 9) at 11:47 (PP)
4. Minnesota North Stars , Jeff Skinner 1 (Jonathan Toews 5) at 12:26 (PP)
5. Minnesota North Stars , Gustav Nyquist 2 (Evgeni Malkin 6, Jack Hughes 2) at 13:18
6. Calgary Flames , Sebastian Aho 3 (Mathieu Joseph 1, Zach Hyman 9) at 19:09 (SH)
Penalties :
Justin Holl (MNS) for Hooking (Minor) at 3:23, Justin Holl (MNS) for Unsportsmanlike conduct (Minor) at 5:53, Rasmus Dahlin (MNS) for Tripping (Minor) at 9:51, Kevin Fiala (CGY) for Interference (Minor) at 12:04, Drew Doughty (CGY) for Hooking (Minor) at 17:56
2nd period
7. Minnesota North Stars , Evgeni Malkin 5 (Jeff Skinner 4, Neal Pionk 3) at 17:31 (PP)
8. Calgary Flames , Mathieu Joseph 2 (Garnet Hathaway 2, Max Pacioretty 3) at 19:22
Penalties :
Travis Sanheim (CGY) for Roughing (Minor) at 9:31, Timo Meier (CGY) for Hooking (Minor) at 17:23
3rd period
9. Calgary Flames , Kevin Fiala 6 (Valeri Nichushkin 8, J.T. Miller 10) at 8:09
10. Calgary Flames , Joel Eriksson Ek 3 (Max Pacioretty 4, Ryan McDonagh 2) at 16:29
11. Calgary Flames , Mathieu Joseph 3 (Nic Dowd 1) at 18:45
Penalties :
David Perron (MNS) for Kneeing (Minor) at 4:39, Alex Goligoski (MNS) for Hooking (Minor) at 8:12, Timo Meier (CGY) for Slashing (Minor) at 12:51, Adam Lowry (MNS) for Roughing (Minor) at 19:17
Goalie Stats
Thatcher Demko (CGY), 34 saves from 38 shots - (0.895), W, 6-2-1, 60:00 minutes
Antti Raanta (MNS), 31 saves from 38 shots - (0.816), L, 1-3-0, 60:00 minutes
Players Stats for Calgary Flames
Player Name G A P +/- PIM S H SB GA TA FO MP PP MP PK MP
------------------------------------------------------------------------------------
Drew Doughty 0 0 0 1 2 1 3 0 1 2 0/0 24:04 4:36 2:25
Garnet Hathaway 0 1 1 2 0 1 1 0 0 1 0/0 5:58 0:00 0:00
J.T. Miller 0 2 2 0 0 2 2 0 1 0 10/22 19:54 4:35 0:07
Jeff Petry 0 1 1 2 0 2 3 0 0 0 0/0 25:03 4:36 3:27
Joel Eriksson Ek 1 1 2 1 0 3 1 0 0 0 5/10 14:29 4:06 0:00
Kevin Fiala 2 0 2 0 2 5 1 0 0 0 2/2 18:37 4:35 0:00
Kris Russell 0 0 0 3 0 0 0 4 0 1 0/0 16:56 0:00 2:20
Logan Couture 0 0 0 1 0 0 0 0 0 1 13/23 14:25 0:00 4:02
Mathieu Joseph 2 1 3 3 0 3 0 0 0 0 0/0 7:43 0:00 1:16
Max Pacioretty 0 2 2 1 0 1 3 0 0 1 0/1 10:23 0:00 0:00
Nic Dowd 0 1 1 2 0 1 0 0 0 0 1/3 6:53 0:00 0:55
Ryan Ellis 0 0 0 -1 0 1 0 0 0 1 0/0 17:17 4:05 0:00
Ryan McDonagh 0 1 1 2 0 2 1 0 0 0 0/0 17:40 0:00 3:00
Sebastian Aho 1 0 1 0 0 3 1 2 0 0 2/7 15:12 0:00 1:53
Timo Meier 1 0 1 -1 4 6 4 0 1 0 0/2 18:03 4:06 0:00
Travis Sanheim 0 0 0 -1 2 0 1 0 0 0 0/0 19:27 4:05 1:42
Valeri Nichushkin 0 1 1 0 0 5 0 2 0 1 0/0 20:01 4:35 0:14
Zach Hyman 0 2 2 -1 0 2 1 0 0 1 3/4 21:23 4:06 4:27
Players Stats for Minnesota North Stars
Player Name G A P +/- PIM S H SB GA TA FO MP PP MP PK MP
------------------------------------------------------------------------------------
Adam Lowry 0 0 0 -1 2 1 2 0 0 0 8/13 16:24 2:36 2:41
Alex Goligoski 0 0 0 0 2 1 0 1 0 0 0/0 19:04 2:57 1:18
Andrew Poturalski 0 0 0 0 0 0 0 0 0 0 2/2 6:16 0:00 0:00
David Perron 0 0 0 -2 2 5 1 0 4 0 0/0 20:30 2:36 2:03
Evgeni Malkin 1 1 2 -1 0 6 2 0 0 0 3/7 14:58 3:51 0:00
Frank Vatrano 0 1 1 0 0 0 0 0 0 0 0/0 6:16 0:00 0:00
Gustav Forsling 0 0 0 0 0 3 0 1 0 1 0/0 18:23 0:00 2:55
Gustav Nyquist 1 0 1 -1 0 2 0 0 0 0 0/1 16:57 0:00 5:03
Jack Hughes 0 1 1 -1 0 1 0 0 1 0 0/0 11:54 0:00 0:00
Jeff Skinner 1 1 2 -1 0 7 2 0 3 0 3/6 20:01 3:51 0:36
Jonathan Toews 0 1 1 -1 0 3 2 1 0 0 22/45 24:31 3:51 5:07
Justin Holl 0 0 0 0 4 2 0 0 0 0 0/0 16:03 2:57 3:04
Neal Pionk 0 1 1 -1 0 1 0 0 0 0 0/0 14:06 3:30 0:02
Nino Niederreiter 1 0 1 0 0 2 2 1 0 0 0/0 6:16 0:00 0:00
Rasmus Dahlin 0 0 0 -3 2 1 1 4 0 0 0/0 27:15 3:30 4:17
Viktor Arvidsson 0 0 0 -1 0 1 0 2 0 0 0/0 13:29 2:36 0:00
Yegor Sharangovich 0 0 0 0 0 2 2 2 1 1 0/0 13:37 0:00 1:52
Zdeno Chara 0 0 0 -2 0 0 1 3 0 1 0/0 25:13 0:00 5:46
3 Stars
1 - Mathieu Joseph (CGY)
2 - Joel Eriksson Ek (CGY)
3 - Kevin Fiala (CGY)
Power Play
Calgary Flames - 2 on 6 Attempt(s) - 33.33%
Minnesota North Stars - 2 on 5 Attempt(s) - 40.00%
Penalty Kill
Calgary Flames - 3 on 5 Attempt(s) - 60.00%
- Score 1 goal in Penalty Kill
Minnesota North Stars - 4 on 6 Attempt(s) - 66.67%
- Score 0 goal in Penalty Kill
Team Stat
Calgary Flames - Hits : 22 - Faceoff Wins : 36 - Blocked Shots : 8 - Penalty Minutes : 10
Minnesota North Stars - Hits : 15 - Faceoff Wins : 38 - Blocked Shots : 15 - Penalty Minutes : 12
Official
Referees : Mike Hasenfratz and Chris Lee
Linesman : Trent Knorr and Darren Gibbs
Game Notes
No Game Note
Finance
Level 1 -- Attendance: 4437 (73.95%) -- Ticket Income $443,700
Level 2 -- Attendance: 3912 (78.24%) -- Ticket Income $234,720
Level 3 -- Attendance: 3000 (100.00%) -- Ticket Income $105,000
Level 4 -- Attendance: 3595 (71.90%) -- Ticket Income $89,875
Luxury Box -- Attendance: 802 (80.20%) -- Ticket Income $160,400
Game was played at the Met Center.
Total Attendance: 15746 (78.73%)
Total Ticket Income: $1,033,695
Other Income: $361,793
Total Income: $1,395,488
Calgary Flames
5 vs 5 Forward
Center Left Wing Right Wing Time % Phy DF OF
1 J.T. Miller Kevin Fiala Valeri Nichushkin 35 0 1 4
2 Sebastian Aho Zach Hyman Timo Meier 32 0 2 3
3 Logan Couture Max Pacioretty Joel Eriksson Ek 25 0 3 2
4 Nic Dowd Mathieu Joseph Garnet Hathaway 8 1 3 1
5 vs 5 Defense
Defense Defense Time % Phy DF OF
1 Drew Doughty Jeff Petry 30 0 3 2
2 Travis Sanheim Ryan Ellis 30 0 3 2
3 Ryan McDonagh Kris Russell 30 0 3 2
4 Drew Doughty Jeff Petry 10 0 3 2
PowerPlay Forward
Center Left Wing Right Wing Time % Phy DF OF
1 J.T. Miller Kevin Fiala Valeri Nichushkin 50 0 0 5
2 Joel Eriksson Ek Timo Meier Zach Hyman 50 0 0 5
PowerPlay Defense
Defense Defense Time % Phy DF OF
1 Drew Doughty Jeff Petry 50 0 2 3
2 Travis Sanheim Ryan Ellis 50 0 2 3
Penalty Kill 4 Players Forward
Center Wing Time % Phy DF OF
1 Logan Couture Zach Hyman 60 0 4 1
2 Sebastian Aho Mathieu Joseph 40 0 4 1
Penalty Kill 4 Players Defense
Defense Defense Time % Phy DF OF
1 Drew Doughty Jeff Petry 60 1 2 2
2 Travis Sanheim Ryan McDonagh 40 1 2 2
Penalty Kill - 3 Players Forward
Forward Time % Phy DF OF
1 Nic Dowd 60 0 5 0
2 Logan Couture 40 0 5 0
Penalty Kill - 3 Players Defense
Defense Defense Time % Phy DF OF
1 Drew Doughty Jeff Petry 60 1 2 2
2 Travis Sanheim Ryan McDonagh 40 1 2 2
4 vs 4 Forward
Center Wing Time % Phy DF OF
1 Joel Eriksson Ek Max Pacioretty 60 1 2 2
2 Logan Couture Timo Meier 40 1 2 2
4 vs 4 Defense
Defense Defense Time % Phy DF OF
1 Drew Doughty Jeff Petry 60 1 2 2
2 Travis Sanheim Ryan Ellis 40 1 2 2
Last Minutes Offensive
Center Left Wing Right Wing Defense Defense
J.T. Miller Sebastian Aho Zach Hyman Drew Doughty Jeff Petry
Last Minutes Defensive
Center Left Wing Right Wing Defense Defense
J.T. Miller Sebastian Aho Logan Couture Drew Doughty Ryan McDonagh
Goaltenders
Starting : Thatcher Demko
Backup : Sam Montembeault
Extra Forwards
Normal : Max Pacioretty, Mathieu Joseph, Timo Meier - PP : Max Pacioretty, Mathieu Joseph - PK : Nic Dowd
Extra Defensemen
Normal : Ryan McDonagh, Kris Russell, Travis Sanheim - PP : Ryan McDonagh - PK : Kris Russell, Travis Sanheim
Penalty Shots
J.T. Miller, Kevin Fiala, Valeri Nichushkin, Max Pacioretty, Joel Eriksson Ek
Minnesota North Stars
5 vs 5 Forward
Center Left Wing Right Wing Time % Phy DF OF
1 Jonathan Toews Jeff Skinner David Perron 40 1 2 2
2 Adam Lowry Viktor Arvidsson Yegor Sharangovich 30 1 2 2
3 Evgeni Malkin Jack Hughes Gustav Nyquist 28 1 2 2
4 Andrew Poturalski Nino Niederreiter Frank Vatrano 2 1 2 2
5 vs 5 Defense
Defense Defense Time % Phy DF OF
1 Rasmus Dahlin Zdeno Chara 41 1 2 2
2 Gustav Forsling Alex Goligoski 31 1 2 2
3 Justin Holl Neal Pionk 20 1 2 2
4 Rasmus Dahlin Gustav Forsling 8 1 2 2
PowerPlay Forward
Center Left Wing Right Wing Time % Phy DF OF
1 Jonathan Toews Jeff Skinner Evgeni Malkin 60 1 2 2
2 Adam Lowry David Perron Viktor Arvidsson 40 1 2 2
PowerPlay Defense
Defense Defense Time % Phy DF OF
1 Rasmus Dahlin Neal Pionk 60 1 2 2
2 Justin Holl Alex Goligoski 40 1 2 2
Penalty Kill 4 Players Forward
Center Wing Time % Phy DF OF
1 Jonathan Toews Gustav Nyquist 60 1 2 2
2 Adam Lowry David Perron 40 1 2 2
Penalty Kill 4 Players Defense
Defense Defense Time % Phy DF OF
1 Rasmus Dahlin Zdeno Chara 60 1 2 2
2 Gustav Forsling Justin Holl 40 1 2 2
Penalty Kill - 3 Players Forward
Forward Time % Phy DF OF
1 Jonathan Toews 60 1 2 2
2 Adam Lowry 40 1 2 2
Penalty Kill - 3 Players Defense
Defense Defense Time % Phy DF OF
1 Rasmus Dahlin Zdeno Chara 60 1 2 2
2 Gustav Forsling Justin Holl 40 1 2 2
4 vs 4 Forward
Center Wing Time % Phy DF OF
1 Jonathan Toews David Perron 60 1 2 2
2 Adam Lowry Evgeni Malkin 40 1 2 2
4 vs 4 Defense
Defense Defense Time % Phy DF OF
1 Rasmus Dahlin Zdeno Chara 60 1 2 2
2 Gustav Forsling Alex Goligoski 40 1 2 2
Last Minutes Offensive
Center Left Wing Right Wing Defense Defense
Jonathan Toews David Perron Evgeni Malkin Rasmus Dahlin Neal Pionk
Last Minutes Defensive
Center Left Wing Right Wing Defense Defense
Jonathan Toews Adam Lowry David Perron Rasmus Dahlin Zdeno Chara
Goaltenders
Starting : Antti Raanta
Backup : Brian Elliott
Extra Forwards
Normal : Evgeni Malkin, Jack Hughes, Jeff Skinner - PP : Evgeni Malkin, Yegor Sharangovich - PK : Gustav Nyquist
Extra Defensemen
Normal : Neal Pionk, Rasmus Dahlin, Alex Goligoski - PP : Rasmus Dahlin - PK : Justin Holl, Alex Goligoski
Penalty Shots
Evgeni Malkin, Jack Hughes, Yegor Sharangovich, Jeff Skinner, Viktor Arvidsson
% Time on Ice - Calgary Flames
Lines # - Real PCT - Wanted PCT - Time Play
Normal Forward
1 - 34% - 35% - 15:12
2 - 30% - 32% - 13:19
3 - 23% - 25% - 10:23
4 - 13% - 8% - 5:58
Normal Defense
1 - 32% - 30% - 14:30
2 - 30% - 30% - 13:41
3 - 32% - 30% - 14:11
4 - 6% - 10% - 2:30
PP Forward
1 - 53% - 50% - 4:35
2 - 47% - 50% - 4:06
PP Defense
1 - 53% - 50% - 4:36
2 - 47% - 50% - 4:05
PK Forward
1 - 80% - 60% - 5:11
2 - 20% - 40% - 1:16
PK Defense
1 - 53% - 60% - 3:27
2 - 47% - 40% - 3:00
PK3 Forward
1 - 0% - 60%
2 - 0% - 40%
PK3 Defense
1 - 0% - 60%
2 - 0% - 40%
44 Forward
1 - 0% - 60%
2 - 0% - 40%
44 Defense
1 - 0% - 60%
2 - 0% - 40%
Last Minute Offensive - 0:00
Last Minute Defensive - 0:00
Total
Forward - 60:00
Defense - 60:00
|
% Time on Ice - Minnesota North Stars
Lines # - Real PCT - Wanted PCT - Time Play
Normal Forward
1 - 35% - 40% - 15:34
2 - 27% - 30% - 11:55
3 - 25% - 28% - 11:07
4 - 14% - 2% - 6:16
Normal Defense
1 - 43% - 41% - 19:27
2 - 33% - 31% - 14:56
3 - 22% - 20% - 9:46
4 - 2% - 8% - 0:43
PP Forward
1 - 60% - 60% - 3:51
2 - 40% - 40% - 2:36
PP Defense
1 - 54% - 60% - 3:30
2 - 46% - 40% - 2:57
PK Forward
1 - 67% - 60% - 5:47
2 - 33% - 40% - 2:54
PK Defense
1 - 66% - 60% - 5:46
2 - 34% - 40% - 2:55
PK3 Forward
1 - 0% - 60%
2 - 0% - 40%
PK3 Defense
1 - 0% - 60%
2 - 0% - 40%
44 Forward
1 - 0% - 60%
2 - 0% - 40%
44 Defense
1 - 0% - 60%
2 - 0% - 40%
Last Minute Offensive - 0:00
Last Minute Defensive - 0:00
Total
Forward - 60:00
Defense - 60:00
|
Play-by-Play
1st period
0:01 of 1st period - Jonathan Toews wins face-off versus J.T. Miller in neutral zone.
0:53 of 1st period - Jeff Petry is hit by Evgeni Malkin.
0:57 of 1st period - Snap shot by Timo Meier.
0:57 of 1st period - Stopped by Antti Raanta with a rebound.
0:59 of 1st period - Wrist shot by Zach Hyman.
0:59 of 1st period - Stopped by Antti Raanta without a rebound.
1:00 of 1st period - Logan Couture wins face-off versus Jonathan Toews in Minnesota North Stars zone.
2:22 of 1st period - Kris Russell is hit by Nino Niederreiter.
3:04 of 1st period - Snap shot by Jack Hughes.
3:04 of 1st period - Stopped by Thatcher Demko with a rebound.
3:20 of 1st period - Wrist shot by Mathieu Joseph.
3:20 of 1st period - Deflect By Evgeni Malkin.
3:20 of 1st period - Shot Misses the Net.
3:20 of 1st period - Puck is out of play.
3:21 of 1st period - Adam Lowry wins face-off versus Nic Dowd in Minnesota North Stars zone.
3:23 of 1st period - Minor Penalty to Justin Holl for Hooking.
3:24 of 1st period - J.T. Miller wins face-off versus Jonathan Toews in Minnesota North Stars zone.
3:28 of 1st period - Slapshot by J.T. Miller.
3:28 of 1st period - Deflect By Kevin Fiala.
3:28 of 1st period - Shot Misses the Net.
3:28 of 1st period - Puck is out of play.
3:29 of 1st period - Kevin Fiala wins face-off versus Jonathan Toews in Minnesota North Stars zone.
3:36 of 1st period - Snap shot by Valeri Nichushkin.
3:36 of 1st period - Stopped by Antti Raanta with a rebound.
3:44 of 1st period - Snap shot by J.T. Miller.
3:44 of 1st period - Stopped by Antti Raanta without a rebound.
3:45 of 1st period - Joel Eriksson Ek wins face-off versus Jonathan Toews in Minnesota North Stars zone.
4:04 of 1st period - Zdeno Chara is hit by Travis Sanheim and loses puck.
5:17 of 1st period - Snap shot by Kevin Fiala.
5:17 of 1st period - Shot Blocked by Alex Goligoski.
5:23 of 1st period - Penalty to Justin Holl is over, Justin Holl is back on ice.
5:27 of 1st period - Snap shot by David Perron.
5:27 of 1st period - Shot Misses the Net.
5:29 of 1st period - Slapshot by Justin Holl.
5:29 of 1st period - Stopped by Thatcher Demko without a rebound.
5:30 of 1st period - Andrew Poturalski wins face-off versus Sebastian Aho in Calgary Flames zone.
5:53 of 1st period - Minor Penalty to Justin Holl for Unsportsmanlike conduct.
5:54 of 1st period - Joel Eriksson Ek wins face-off versus Jonathan Toews in Minnesota North Stars zone.
5:59 of 1st period - Wrist shot by Timo Meier.
5:59 of 1st period - Goal by Timo Meier - Calgary Flames : 1 - Minnesota North Stars : 0.
6:00 of 1st period - J.T. Miller wins face-off versus Jonathan Toews in neutral zone.
7:40 of 1st period - Slapshot by Nino Niederreiter.
7:40 of 1st period - Goal by Nino Niederreiter - Calgary Flames : 1 - Minnesota North Stars : 1.
7:41 of 1st period - Jonathan Toews wins face-off versus J.T. Miller in neutral zone.
7:54 of 1st period - Slapshot by Jeff Skinner.
7:54 of 1st period - Stopped by Thatcher Demko without a rebound.
7:55 of 1st period - Zach Hyman wins face-off versus Jeff Skinner in Calgary Flames zone.
8:06 of 1st period - Icing by Gustav Forsling.
8:07 of 1st period - Jonathan Toews wins face-off versus Logan Couture in Minnesota North Stars zone.
8:16 of 1st period - Gustav Forsling is hit by Max Pacioretty and loses puck.
8:21 of 1st period - Wrist shot by Joel Eriksson Ek.
8:21 of 1st period - Stopped by Antti Raanta with a rebound.
8:23 of 1st period - Snap shot by Logan Couture.
8:23 of 1st period - Shot Misses the Net.
8:54 of 1st period - Off-side.
8:55 of 1st period - Evgeni Malkin wins face-off versus Sebastian Aho in neutral zone.
8:58 of 1st period - Sebastian Aho is hit by Rasmus Dahlin and loses puck.
9:33 of 1st period - Snap shot by Timo Meier.
9:33 of 1st period - Stopped by Antti Raanta without a rebound.
9:34 of 1st period - Kevin Fiala wins face-off versus Jonathan Toews in Minnesota North Stars zone.
9:39 of 1st period - Snap shot by J.T. Miller.
9:39 of 1st period - Shot Misses the Net.
9:41 of 1st period - Wrist shot by J.T. Miller.
9:41 of 1st period - Stopped by Antti Raanta with a rebound.
9:43 of 1st period - Wrist shot by Valeri Nichushkin.
9:43 of 1st period - Shot Misses the Net.
9:45 of 1st period - Wrist shot by Valeri Nichushkin.
9:45 of 1st period - Stopped by Antti Raanta without a rebound.
9:46 of 1st period - Joel Eriksson Ek wins face-off versus Adam Lowry in Minnesota North Stars zone.
9:49 of 1st period - Wrist shot by Max Pacioretty.
9:49 of 1st period - Shot Blocked by Rasmus Dahlin.
9:51 of 1st period - Minor Penalty to Rasmus Dahlin for Tripping.
9:52 of 1st period - Jonathan Toews wins face-off versus Joel Eriksson Ek in Minnesota North Stars zone.
10:07 of 1st period - Gustav Nyquist is hit by Joel Eriksson Ek and loses puck.
10:18 of 1st period - J.T. Miller is hit by David Perron and loses puck.
10:52 of 1st period - Zdeno Chara is hit by Drew Doughty and loses puck.
11:03 of 1st period - Valeri Nichushkin is hit by Adam Lowry and loses puck.
11:20 of 1st period - Wrist shot by Jeff Skinner.
11:20 of 1st period - Stopped by Thatcher Demko without a rebound.
11:21 of 1st period - Jeff Skinner wins face-off versus Joel Eriksson Ek in Calgary Flames zone.
11:37 of 1st period - Icing by Kevin Fiala.
11:38 of 1st period - J.T. Miller wins face-off versus Jonathan Toews in Calgary Flames zone.
11:45 of 1st period - Snap shot by J.T. Miller.
11:45 of 1st period - Shot Misses the Net.
11:47 of 1st period - Slapshot by Jeff Petry.
11:47 of 1st period - Deflect By Kevin Fiala.
11:47 of 1st period - Goal by Kevin Fiala - Calgary Flames : 2 - Minnesota North Stars : 1.
11:48 of 1st period - J.T. Miller wins face-off versus Jonathan Toews in neutral zone.
12:04 of 1st period - Minor Penalty to Kevin Fiala for Interference.
12:05 of 1st period - Logan Couture wins face-off versus Jonathan Toews in Calgary Flames zone.
12:12 of 1st period - Off-side.
12:13 of 1st period - Logan Couture wins face-off versus Jeff Skinner in neutral zone.
12:22 of 1st period - Slapshot by Jonathan Toews.
12:22 of 1st period - Stopped by Thatcher Demko without a rebound.
12:23 of 1st period - Jonathan Toews wins face-off versus Zach Hyman in Calgary Flames zone.
12:24 of 1st period - Wrist shot by Jeff Skinner.
12:24 of 1st period - Shot Misses the Net.
12:26 of 1st period - Snap shot by Jeff Skinner.
12:26 of 1st period - Goal by Jeff Skinner - Calgary Flames : 2 - Minnesota North Stars : 2.
12:27 of 1st period - J.T. Miller wins face-off versus Jonathan Toews in neutral zone.
12:53 of 1st period - Logan Couture is hit by Adam Lowry and loses puck.
13:00 of 1st period - Snap shot by Yegor Sharangovich.
13:00 of 1st period - Stopped by Thatcher Demko with a rebound.
13:02 of 1st period - Snap shot by Yegor Sharangovich.
13:02 of 1st period - Shot Misses the Net.
13:16 of 1st period - Wrist shot by Evgeni Malkin.
13:16 of 1st period - Shot Misses the Net.
13:18 of 1st period - Snap shot by Gustav Nyquist.
13:18 of 1st period - Goal by Gustav Nyquist - Calgary Flames : 2 - Minnesota North Stars : 3.
13:19 of 1st period - J.T. Miller wins face-off versus Jonathan Toews in neutral zone.
13:21 of 1st period - Off-side.
13:22 of 1st period - Jonathan Toews wins face-off versus J.T. Miller in neutral zone.
14:36 of 1st period - Wrist shot by Jeff Skinner.
14:36 of 1st period - Stopped by Thatcher Demko without a rebound.
14:37 of 1st period - Jonathan Toews wins face-off versus J.T. Miller in Calgary Flames zone.
14:38 of 1st period - Wrist shot by Jeff Skinner.
14:38 of 1st period - Stopped by Thatcher Demko with a rebound.
14:40 of 1st period - Slapshot by Gustav Forsling.
14:40 of 1st period - Shot Misses the Net.
14:44 of 1st period - Snap shot by Jeff Skinner.
14:44 of 1st period - Shot Blocked by Valeri Nichushkin.
14:46 of 1st period - Slapshot by Gustav Forsling.
14:46 of 1st period - Stopped by Thatcher Demko without a rebound.
14:47 of 1st period - Adam Lowry wins face-off versus J.T. Miller in Calgary Flames zone.
14:50 of 1st period - Wrist shot by Viktor Arvidsson.
14:50 of 1st period - Shot Misses the Net.
14:52 of 1st period - Slapshot by Zdeno Chara.
14:52 of 1st period - Shot Blocked by Valeri Nichushkin.
14:54 of 1st period - Slapshot by Rasmus Dahlin.
14:54 of 1st period - Stopped by Thatcher Demko without a rebound.
14:55 of 1st period - Sebastian Aho wins face-off versus Adam Lowry in Calgary Flames zone.
15:00 of 1st period - Wrist shot by Timo Meier.
15:00 of 1st period - Shot Blocked by Rasmus Dahlin.
15:02 of 1st period - Snap shot by Sebastian Aho.
15:02 of 1st period - Shot Blocked by Viktor Arvidsson.
15:04 of 1st period - Wrist shot by Zach Hyman.
15:04 of 1st period - Shot Misses the Net.
15:27 of 1st period - Wrist shot by J.T. Miller.
15:27 of 1st period - Shot Misses the Net.
15:29 of 1st period - Snap shot by Valeri Nichushkin.
15:29 of 1st period - Stopped by Antti Raanta with a rebound.
17:09 of 1st period - Slapshot by Gustav Nyquist.
17:09 of 1st period - Stopped by Thatcher Demko without a rebound.
17:10 of 1st period - Adam Lowry wins face-off versus Logan Couture in Calgary Flames zone.
17:56 of 1st period - Minor Penalty to Drew Doughty for Hooking.
17:57 of 1st period - Logan Couture wins face-off versus Jonathan Toews in Calgary Flames zone.
17:57 of 1st period - Logan Couture is hit by Jonathan Toews.
19:09 of 1st period - Wrist shot by Sebastian Aho.
19:09 of 1st period - Goal by Sebastian Aho - Calgary Flames : 3 - Minnesota North Stars : 3.
19:10 of 1st period - Jonathan Toews wins face-off versus Logan Couture in neutral zone.
19:56 of 1st period - Penalty to Drew Doughty is over, Drew Doughty is back on ice.
Goals for this period are 3 for Calgary Flames vs 3 for Minnesota North Stars.
Shots for this period are 12 for Calgary Flames vs 14 for Minnesota North Stars.
2nd period
0:01 of 2nd period - J.T. Miller wins face-off versus Jonathan Toews in neutral zone.
0:34 of 2nd period - Slapshot by Sebastian Aho.
0:34 of 2nd period - Shot Blocked by Yegor Sharangovich.
0:42 of 2nd period - Wrist shot by Timo Meier.
0:42 of 2nd period - Stopped by Antti Raanta without a rebound.
0:43 of 2nd period - Evgeni Malkin wins face-off versus Logan Couture in Minnesota North Stars zone.
0:50 of 2nd period - Slapshot by Evgeni Malkin.
0:50 of 2nd period - Stopped by Thatcher Demko without a rebound.
0:51 of 2nd period - Logan Couture wins face-off versus Evgeni Malkin in Calgary Flames zone.
1:00 of 2nd period - Snap shot by Max Pacioretty.
1:00 of 2nd period - Stopped by Antti Raanta without a rebound.
1:01 of 2nd period - Jonathan Toews wins face-off versus Timo Meier in Minnesota North Stars zone.
1:06 of 2nd period - Slapshot by Timo Meier.
1:06 of 2nd period - Shot Misses the Net.
2:54 of 2nd period - Slapshot by Viktor Arvidsson.
2:54 of 2nd period - Shot Blocked by Kris Russell.
2:56 of 2nd period - Slapshot by Yegor Sharangovich.
2:56 of 2nd period - Stopped by Thatcher Demko without a rebound.
2:57 of 2nd period - Zach Hyman wins face-off versus Jonathan Toews in Calgary Flames zone.
3:22 of 2nd period - Zdeno Chara is hit by Kevin Fiala.
3:34 of 2nd period - Backhand shot by J.T. Miller.
3:34 of 2nd period - Shot Misses the Net.
4:26 of 2nd period - Frank Vatrano is hit by Sebastian Aho and loses puck.
5:57 of 2nd period - Wrist shot by J.T. Miller.
5:57 of 2nd period - Deflect By Kevin Fiala.
5:57 of 2nd period - Stopped by Antti Raanta with a rebound.
6:27 of 2nd period - Wrist shot by Zach Hyman.
6:27 of 2nd period - Stopped by Antti Raanta with a rebound.
6:47 of 2nd period - Snap shot by David Perron.
6:47 of 2nd period - Stopped by Thatcher Demko with a rebound.
7:31 of 2nd period - Snap shot by Mathieu Joseph.
7:31 of 2nd period - Stopped by Antti Raanta with a rebound.
7:43 of 2nd period - Justin Holl is hit by Timo Meier and loses puck.
7:52 of 2nd period - Snap shot by Sebastian Aho.
7:52 of 2nd period - Stopped by Antti Raanta with a rebound.
8:04 of 2nd period - Jeff Petry is hit by Jonathan Toews and loses puck.
8:33 of 2nd period - Snap shot by Kevin Fiala.
8:33 of 2nd period - Stopped by Antti Raanta with a rebound.
8:35 of 2nd period - Slapshot by Kevin Fiala.
8:35 of 2nd period - Shot Blocked by Zdeno Chara.
8:37 of 2nd period - Wrist shot by Valeri Nichushkin.
8:37 of 2nd period - Shot Blocked by Rasmus Dahlin.
8:39 of 2nd period - Snap shot by Jeff Petry.
8:39 of 2nd period - Deflect By Evgeni Malkin.
8:39 of 2nd period - Stopped by Antti Raanta with a rebound.
8:51 of 2nd period - Slapshot by Ryan McDonagh.
8:51 of 2nd period - Shot Blocked by Rasmus Dahlin.
8:53 of 2nd period - Snap shot by Nic Dowd.
8:53 of 2nd period - Stopped by Antti Raanta with a rebound.
8:59 of 2nd period - Snap shot by Nic Dowd.
8:59 of 2nd period - Shot Misses the Net.
9:31 of 2nd period - Minor Penalty to Travis Sanheim for Roughing.
9:32 of 2nd period - Jonathan Toews wins face-off versus Logan Couture in Calgary Flames zone.
9:33 of 2nd period - Wrist shot by Evgeni Malkin.
9:33 of 2nd period - Shot Misses the Net.
9:35 of 2nd period - Slapshot by Alex Goligoski.
9:35 of 2nd period - Stopped by Thatcher Demko without a rebound.
9:36 of 2nd period - Logan Couture wins face-off versus Jonathan Toews in Calgary Flames zone.
10:28 of 2nd period - Wrist shot by Evgeni Malkin.
10:28 of 2nd period - Shot Misses the Net.
10:30 of 2nd period - Slapshot by Justin Holl.
10:30 of 2nd period - Deflect By Jeff Skinner.
10:30 of 2nd period - Stopped by Thatcher Demko without a rebound.
10:31 of 2nd period - Adam Lowry wins face-off versus Logan Couture in Calgary Flames zone.
10:32 of 2nd period - Wrist shot by David Perron.
10:32 of 2nd period - Shot Misses the Net.
10:34 of 2nd period - Slapshot by Rasmus Dahlin.
10:34 of 2nd period - Deflect By Adam Lowry.
10:34 of 2nd period - Shot Misses the Net.
10:34 of 2nd period - Puck is out of play.
10:35 of 2nd period - Adam Lowry wins face-off versus Logan Couture in Calgary Flames zone.
11:31 of 2nd period - Penalty to Travis Sanheim is over, Travis Sanheim is back on ice.
12:01 of 2nd period - Gustav Nyquist is hit by J.T. Miller and loses puck.
12:31 of 2nd period - Jeff Skinner is hit by Jeff Petry and loses puck.
12:50 of 2nd period - Slapshot by Nino Niederreiter.
12:50 of 2nd period - Stopped by Thatcher Demko with a rebound.
13:22 of 2nd period - Wrist shot by Ryan Ellis.
13:22 of 2nd period - Stopped by Antti Raanta without a rebound.
13:23 of 2nd period - Logan Couture wins face-off versus Jonathan Toews in Minnesota North Stars zone.
13:24 of 2nd period - Slapshot by Joel Eriksson Ek.
13:24 of 2nd period - Shot Blocked by Zdeno Chara.
13:49 of 2nd period - Timo Meier is hit by Zdeno Chara and loses puck.
13:56 of 2nd period - Snap shot by Yegor Sharangovich.
13:56 of 2nd period - Shot Blocked by Sebastian Aho.
13:58 of 2nd period - Slapshot by Neal Pionk.
13:58 of 2nd period - Deflect By Drew Doughty.
13:58 of 2nd period - Stopped by Thatcher Demko with a rebound.
14:15 of 2nd period - Snap shot by Evgeni Malkin.
14:15 of 2nd period - Stopped by Thatcher Demko without a rebound.
14:16 of 2nd period - Jonathan Toews wins face-off versus J.T. Miller in Calgary Flames zone.
14:19 of 2nd period - Wrist shot by David Perron.
14:19 of 2nd period - Stopped by Thatcher Demko with a rebound.
14:49 of 2nd period - Off-side.
14:50 of 2nd period - Adam Lowry wins face-off versus Sebastian Aho in neutral zone.
14:54 of 2nd period - Rasmus Dahlin is hit by Jeff Petry and loses puck.
14:57 of 2nd period - Slapshot by Zdeno Chara.
14:57 of 2nd period - Shot Misses the Net.
14:59 of 2nd period - Slapshot by Rasmus Dahlin.
14:59 of 2nd period - Shot Blocked by Sebastian Aho.
15:01 of 2nd period - Slapshot by Rasmus Dahlin.
15:01 of 2nd period - Deflect By Adam Lowry.
15:01 of 2nd period - Shot Misses the Net.
15:01 of 2nd period - Puck is out of play.
15:02 of 2nd period - Jonathan Toews wins face-off versus J.T. Miller in Calgary Flames zone.
15:03 of 2nd period - Slapshot by Jeff Skinner.
15:03 of 2nd period - Shot Blocked by Kris Russell.
16:18 of 2nd period - Snap shot by Nic Dowd.
16:18 of 2nd period - Shot Blocked by Nino Niederreiter.
17:04 of 2nd period - Timo Meier is hit by Evgeni Malkin and loses puck.
17:23 of 2nd period - Minor Penalty to Timo Meier for Hooking.
17:24 of 2nd period - Jonathan Toews wins face-off versus Logan Couture in Calgary Flames zone.
17:25 of 2nd period - Snap shot by Evgeni Malkin.
17:25 of 2nd period - Stopped by Thatcher Demko with a rebound.
17:27 of 2nd period - Slapshot by Neal Pionk.
17:27 of 2nd period - Shot Misses the Net.
17:29 of 2nd period - Slapshot by Jeff Skinner.
17:29 of 2nd period - Shot Misses the Net.
17:31 of 2nd period - Wrist shot by Evgeni Malkin.
17:31 of 2nd period - Goal by Evgeni Malkin - Calgary Flames : 3 - Minnesota North Stars : 4.
17:32 of 2nd period - Jonathan Toews wins face-off versus J.T. Miller in neutral zone.
18:03 of 2nd period - Snap shot by Viktor Arvidsson.
18:03 of 2nd period - Stopped by Thatcher Demko with a rebound.
18:09 of 2nd period - Snap shot by Sebastian Aho.
18:09 of 2nd period - Stopped by Antti Raanta without a rebound.
18:10 of 2nd period - Evgeni Malkin wins face-off versus J.T. Miller in Minnesota North Stars zone.
18:15 of 2nd period - Snap shot by Gustav Forsling.
18:15 of 2nd period - Stopped by Thatcher Demko with a rebound.
18:23 of 2nd period - Alex Goligoski is hit by Ryan McDonagh and loses puck.
18:46 of 2nd period - Snap shot by Jonathan Toews.
18:46 of 2nd period - Deflect By David Perron.
18:46 of 2nd period - Stopped by Thatcher Demko with a rebound.
19:20 of 2nd period - Wrist shot by Garnet Hathaway.
19:20 of 2nd period - Stopped by Antti Raanta with a rebound.
19:22 of 2nd period - Slapshot by Mathieu Joseph.
19:22 of 2nd period - Goal by Mathieu Joseph - Calgary Flames : 4 - Minnesota North Stars : 4.
19:23 of 2nd period - J.T. Miller wins face-off versus Jonathan Toews in neutral zone.
19:38 of 2nd period - Slapshot by Jonathan Toews.
19:38 of 2nd period - Shot Misses the Net.
Goals for this period are 1 for Calgary Flames vs 1 for Minnesota North Stars.
Shots for this period are 13 for Calgary Flames vs 14 for Minnesota North Stars.
3rd period
0:01 of 3rd period - Jeff Skinner wins face-off versus J.T. Miller in neutral zone.
0:09 of 3rd period - Off-side.
0:10 of 3rd period - Jonathan Toews wins face-off versus J.T. Miller in neutral zone.
0:29 of 3rd period - Snap shot by Jonathan Toews.
0:29 of 3rd period - Stopped by Thatcher Demko without a rebound.
0:30 of 3rd period - Adam Lowry wins face-off versus Sebastian Aho in Calgary Flames zone.
0:31 of 3rd period - Wrist shot by Viktor Arvidsson.
0:31 of 3rd period - Deflect By Adam Lowry.
0:31 of 3rd period - Stopped by Thatcher Demko without a rebound.
0:32 of 3rd period - Sebastian Aho wins face-off versus Adam Lowry in Calgary Flames zone.
0:32 of 3rd period - Sebastian Aho is hit by Yegor Sharangovich.
0:42 of 3rd period - Wrist shot by Timo Meier.
0:42 of 3rd period - Stopped by Antti Raanta with a rebound.
0:44 of 3rd period - Snap shot by Drew Doughty.
0:44 of 3rd period - Shot Misses the Net.
2:46 of 3rd period - Alex Goligoski is hit by Max Pacioretty.
3:38 of 3rd period - Jack Hughes is hit by Jeff Petry.
3:48 of 3rd period - Rasmus Dahlin is hit by Drew Doughty and loses puck.
4:10 of 3rd period - Off-side.
4:11 of 3rd period - Jonathan Toews wins face-off versus Max Pacioretty in neutral zone.
4:16 of 3rd period - Slapshot by Neal Pionk.
4:16 of 3rd period - Shot Misses the Net.
4:18 of 3rd period - Snap shot by Jeff Skinner.
4:18 of 3rd period - Shot Hit the Post.
4:20 of 3rd period - Slapshot by Justin Holl.
4:20 of 3rd period - Deflect By Jeff Skinner.
4:20 of 3rd period - Stopped by Thatcher Demko without a rebound.
4:21 of 3rd period - J.T. Miller wins face-off versus Jonathan Toews in Calgary Flames zone.
4:39 of 3rd period - Minor Penalty to David Perron for Kneeing.
4:40 of 3rd period - Jonathan Toews wins face-off versus Joel Eriksson Ek in Minnesota North Stars zone.
5:25 of 3rd period - Yegor Sharangovich is hit by J.T. Miller.
5:31 of 3rd period - Wrist shot by Valeri Nichushkin.
5:31 of 3rd period - Stopped by Antti Raanta without a rebound.
5:32 of 3rd period - Jonathan Toews wins face-off versus Joel Eriksson Ek in Minnesota North Stars zone.
6:05 of 3rd period - Slapshot by Gustav Forsling.
6:05 of 3rd period - Stopped by Thatcher Demko without a rebound.
6:06 of 3rd period - Joel Eriksson Ek wins face-off versus Gustav Nyquist in Calgary Flames zone.
6:19 of 3rd period - Yegor Sharangovich is hit by Zach Hyman and loses puck.
6:39 of 3rd period - Penalty to David Perron is over, David Perron is back on ice.
7:22 of 3rd period - Evgeni Malkin is hit by Max Pacioretty and loses puck.
7:37 of 3rd period - Wrist shot by Kevin Fiala.
7:37 of 3rd period - Deflect By Valeri Nichushkin.
7:37 of 3rd period - Stopped by Antti Raanta with a rebound.
7:57 of 3rd period - Snap shot by Zach Hyman.
7:57 of 3rd period - Shot Blocked by Zdeno Chara.
7:59 of 3rd period - Wrist shot by Timo Meier.
7:59 of 3rd period - Shot Misses the Net.
8:01 of 3rd period - Slapshot by Travis Sanheim.
8:01 of 3rd period - Shot Blocked by Jonathan Toews.
8:03 of 3rd period - Slapshot by Travis Sanheim.
8:03 of 3rd period - Deflect By Timo Meier.
8:03 of 3rd period - Shot Misses the Net.
8:03 of 3rd period - Puck is out of play.
8:04 of 3rd period - J.T. Miller wins face-off versus Jeff Skinner in Minnesota North Stars zone.
8:05 of 3rd period - Slapshot by Valeri Nichushkin.
8:05 of 3rd period - Shot Misses the Net.
8:07 of 3rd period - Backhand shot by Kevin Fiala.
8:07 of 3rd period - Stopped by Antti Raanta with a rebound.
8:09 of 3rd period - Wrist shot by Kevin Fiala.
8:09 of 3rd period - Goal by Kevin Fiala - Calgary Flames : 5 - Minnesota North Stars : 4.
8:10 of 3rd period - Jonathan Toews wins face-off versus J.T. Miller in neutral zone.
8:12 of 3rd period - Minor Penalty to Alex Goligoski for Hooking.
8:13 of 3rd period - Jonathan Toews wins face-off versus Joel Eriksson Ek in Minnesota North Stars zone.
8:29 of 3rd period - Jonathan Toews is hit by Timo Meier and loses puck.
10:12 of 3rd period - Penalty to Alex Goligoski is over, Alex Goligoski is back on ice.
10:19 of 3rd period - Valeri Nichushkin is hit by Nino Niederreiter and loses puck.
10:43 of 3rd period - Backhand shot by Nic Dowd.
10:43 of 3rd period - Shot Misses the Net.
10:52 of 3rd period - Icing by Alex Goligoski.
10:53 of 3rd period - Adam Lowry wins face-off versus Logan Couture in Minnesota North Stars zone.
11:00 of 3rd period - Slapshot by David Perron.
11:00 of 3rd period - Shot Misses the Net.
11:22 of 3rd period - Gustav Forsling is hit by Garnet Hathaway.
12:07 of 3rd period - Off-side.
12:08 of 3rd period - Andrew Poturalski wins face-off versus Nic Dowd in neutral zone.
12:13 of 3rd period - Snap shot by Nino Niederreiter.
12:13 of 3rd period - Shot Misses the Net.
12:15 of 3rd period - Slapshot by Justin Holl.
12:15 of 3rd period - Stopped by Thatcher Demko without a rebound.
12:16 of 3rd period - Jonathan Toews wins face-off versus Sebastian Aho in Calgary Flames zone.
12:33 of 3rd period - Zach Hyman is hit by Jeff Skinner and loses puck.
12:42 of 3rd period - Justin Holl is hit by Timo Meier.
12:46 of 3rd period - David Perron is hit by Drew Doughty.
12:51 of 3rd period - Minor Penalty to Timo Meier for Slashing.
12:52 of 3rd period - Jonathan Toews wins face-off versus Logan Couture in Calgary Flames zone.
12:52 of 3rd period - Slapshot by Evgeni Malkin.
12:52 of 3rd period - Stopped by Thatcher Demko without a rebound.
12:53 of 3rd period - Logan Couture wins face-off versus Jonathan Toews in Calgary Flames zone.
14:20 of 3rd period - Jeff Petry is hit by Jeff Skinner and loses puck.
14:51 of 3rd period - Penalty to Timo Meier is over, Timo Meier is back on ice.
15:05 of 3rd period - Snap shot by Nino Niederreiter.
15:05 of 3rd period - Shot Misses the Net.
15:17 of 3rd period - J.T. Miller is hit by Yegor Sharangovich and loses puck.
15:22 of 3rd period - Snap shot by Jack Hughes.
15:22 of 3rd period - Shot Misses the Net.
15:53 of 3rd period - Snap shot by Timo Meier.
15:53 of 3rd period - Stopped by Antti Raanta with a rebound.
15:55 of 3rd period - Backhand shot by Valeri Nichushkin.
15:55 of 3rd period - Shot Blocked by Yegor Sharangovich.
15:57 of 3rd period - Slapshot by Jeff Petry.
15:57 of 3rd period - Stopped by Antti Raanta with a rebound.
15:59 of 3rd period - Slapshot by Drew Doughty.
15:59 of 3rd period - Stopped by Antti Raanta without a rebound.
16:00 of 3rd period - Logan Couture wins face-off versus Jonathan Toews in Minnesota North Stars zone.
16:01 of 3rd period - Wrist shot by Max Pacioretty.
16:01 of 3rd period - Shot Misses the Net.
16:03 of 3rd period - Snap shot by Max Pacioretty.
16:03 of 3rd period - Deflect By Joel Eriksson Ek.
16:03 of 3rd period - Shot Blocked by Gustav Forsling.
16:03 of 3rd period - Puck is out of play.
16:04 of 3rd period - Logan Couture wins face-off versus Jonathan Toews in Minnesota North Stars zone.
16:11 of 3rd period - Slapshot by Joel Eriksson Ek.
16:11 of 3rd period - Shot Misses the Net.
16:13 of 3rd period - Slapshot by Ryan McDonagh.
16:13 of 3rd period - Stopped by Antti Raanta without a rebound.
16:14 of 3rd period - Logan Couture wins face-off versus Evgeni Malkin in Minnesota North Stars zone.
16:19 of 3rd period - Slapshot by Logan Couture.
16:19 of 3rd period - Shot Misses the Net.
16:21 of 3rd period - Wrist shot by Joel Eriksson Ek.
16:21 of 3rd period - Stopped by Antti Raanta with a rebound.
16:23 of 3rd period - Snap shot by Max Pacioretty.
16:23 of 3rd period - Shot Misses the Net.
16:25 of 3rd period - Wrist shot by Ryan McDonagh.
16:25 of 3rd period - Stopped by Antti Raanta with a rebound.
16:27 of 3rd period - Wrist shot by Max Pacioretty.
16:27 of 3rd period - Shot Misses the Net.
16:29 of 3rd period - Snap shot by Joel Eriksson Ek.
16:29 of 3rd period - Goal by Joel Eriksson Ek - Calgary Flames : 6 - Minnesota North Stars : 4.
16:30 of 3rd period - Logan Couture wins face-off versus Evgeni Malkin in neutral zone.
17:25 of 3rd period - Snap shot by David Perron.
17:25 of 3rd period - Shot Blocked by Kris Russell.
17:27 of 3rd period - Snap shot by Jonathan Toews.
17:27 of 3rd period - Shot Misses the Net.
17:29 of 3rd period - Wrist shot by Zdeno Chara.
17:29 of 3rd period - Shot Blocked by Kris Russell.
17:31 of 3rd period - Wrist shot by Jonathan Toews.
17:31 of 3rd period - Stopped by Thatcher Demko without a rebound.
17:32 of 3rd period - Logan Couture wins face-off versus Adam Lowry in Calgary Flames zone.
17:49 of 3rd period - Slapshot by Ryan Ellis.
17:49 of 3rd period - Shot Blocked by Viktor Arvidsson.
18:37 of 3rd period - Snap shot by Evgeni Malkin.
18:37 of 3rd period - Shot Misses the Net.
18:39 of 3rd period - Snap shot by Evgeni Malkin.
18:39 of 3rd period - Stopped by Thatcher Demko without a rebound.
18:40 of 3rd period - Nic Dowd wins face-off versus Evgeni Malkin in Calgary Flames zone.
18:45 of 3rd period - Wrist shot by Mathieu Joseph.
18:45 of 3rd period - Goal by Mathieu Joseph - Calgary Flames : 7 - Minnesota North Stars : 4.
18:46 of 3rd period - Jeff Skinner wins face-off versus Timo Meier in neutral zone.
18:49 of 3rd period - Slapshot by David Perron.
18:49 of 3rd period - Stopped by Thatcher Demko with a rebound.
18:51 of 3rd period - Snap shot by David Perron.
18:51 of 3rd period - Stopped by Thatcher Demko with a rebound.
19:08 of 3rd period - Icing by Sebastian Aho.
19:09 of 3rd period - Zach Hyman wins face-off versus Adam Lowry in Calgary Flames zone.
19:17 of 3rd period - Minor Penalty to Adam Lowry for Roughing.
19:18 of 3rd period - Joel Eriksson Ek wins face-off versus Jonathan Toews in Minnesota North Stars zone.
19:30 of 3rd period - Jonathan Toews is hit by Timo Meier and loses puck.
Goals for this period are 3 for Calgary Flames vs 0 for Minnesota North Stars.
Shots for this period are 13 for Calgary Flames vs 10 for Minnesota North Stars.
Back to the Top